 Dungeon Sprint DCSS version 0.30.1-11-g7821555f0a (webtiles) character file.

Game seed: 8463442795942620545

20150 Heoruswealwe the Phalangite (level 12, -6/130 HPs)
             Began as a Minotaur Fighter on Dec 29, 2023.
             Was an Initiate of Gozag.
             Mangled by Sonja
             ... wielding a +1 dagger of distortion
              (11 damage)
             ... in the Dungeon (Sprint IX: "|||||||||||||||||||||||||||||").
             The game lasted 00:24:41 (2327 turns).

Heoruswealwe the Phalangite (Minotaur Fighter)      Turns: 2327, Time: 00:24:44

Health: -6/130     AC: 29    Str: 27    XL:     12   Next: 42%
Magic:  20/20      EV:  8    Int:  5    God:    Gozag
Gold:   647        SH:  0    Dex:  5    Spells: 11/11 levels left

rFire   . . .        b - +2 halberd (venom)
rCold   . . .        (shield currently unavailable)
rNeg    . . .        c - +0 plate armour
rPois   .            (helmet restricted)
rElec   .            h - +2 cloak {rCorr}
rCorr   +            f - +1 pair of gloves of Gozag, Chewing {Will++ MP+9 Dex-4 SInv}
SInv    +            e - +0 pair of boots
Will    ++...        (no amulet) Stlth
                     k - +2 ring of protection
HPRegen 0.41/turn    (no ring)
MPRegen 0.17/turn

%: no teleportation
@: lethally poisoned (-6 -> -24), slowed, very slow
A: horns 2, retaliatory headbutt
a: Renounce Religion, Potion Petition, Call Merchant, Bribe Branch


You were in the Dungeon.
You worshipped Gozag.
Gozag was pleased with you.
You visited 1 branch You collected 9435 gold pieces.
You spent 3986 gold pieces at shops.
You paid 4802 gold pieces to Gozag.

Inventory:

Hand Weapons
 a - a +0 trident
 b - a +2 halberd of venom (weapon)
Armour
 c - a +0 plate armour (worn)
 d - a +0 kite shield of cold resistance
 e - a +0 pair of boots (worn)
 f - the +1 pair of gloves of Gozag, Chewing (worn) {Will++ MP+9 Dex-4 SInv}
   (You bought it in a shop in the Dungeon)

   Dex:       It affects your dexterity (-4).
   MP:        It affects your magic capacity (+9).
   SInv:      It lets you see invisible.
   Will:      It greatly increases your willpower.
 h - a +2 cloak of preservation (worn)
Jewellery
 k - a +2 ring of protection (left hand)
Wands
 l - a wand of iceblast (10)
 v - a wand of charming (8)
Scrolls
 j - 3 scrolls of blinking
 p - 4 scrolls of enchant weapon
 q - 6 scrolls of enchant armour
 r - 9 scrolls of identify
 w - 3 scrolls of silence
Potions
 g - a potion of haste
 i - a potion of berserk rage
 m - 2 potions of might
 n - a potion of resistance
 o - a potion of mutation
 s - 5 potions of curing
 t - 3 potions of heal wounds
 u - a potion of ambrosia
Miscellaneous
 B - a tin of tremorstones (2/2)


   Skills:
 + Level 19.5 Fighting
 * Level 26.2 Polearms
 + Level 19.5 Armour
 - Level 3.6 Shields


You had 11 spell levels left.
You didn't know any spells.
Your spell library contained the following spells:

 Spells                   Type           Power      Damage    Failure   Level
 Tukima's Dance           Hex            0%         N/A       100%        3
 Passage of Golubria      Tloc           0%         N/A       100%        4
 Yara's Violent Unravell  Hex/Tmut       0%         3d3       100%        5


Dungeon Overview and Level Annotations

Branches:
Dungeon (1/1)

Altars:
Cheibriados
Dithmenos
Elyvilon
Fedhas
Gozag
Hepliaklqana
Kikubaaqudgha
Makhleb
Nemelex Xobeh
Okawaru
Qazlal
Ru
Sif Muna
Trog
Uskayaw
Vehumet
Wu Jian
Xom
Yredelemnul
Zin
The Shining One
Jiyva
Lugonu

Shops:
D [??*(?[**

Annotations:
D Sonja


Innate Abilities, Weirdness & Mutations

You have a pair of horns on your head.
You reflexively headbutt those who attack you in melee.


Message History

The curare-tipped dart hits you.
You are more poisoned.
You have difficulty breathing.
You feel as though you will be slow longer.
Sonja throws a curare-tipped dart.
The curare-tipped dart closely misses you.
You feel better.
Sonja throws a curare-tipped dart.
The curare-tipped dart barely misses you.
You completely miss Sonja.
Sonja is heavily wounded.
Sonja mumbles some strange words.
Sonja blinks!
Sonja mumbles some strange words.
Sonja blinks!
Sonja mumbles some strange words.
Sonja blinks!
Sonja throws a curare-tipped dart.
The curare-tipped dart hits you.
You are poisoned.
You have difficulty breathing.
You feel as though you will be slow longer.
You feel extremely sick.
Sonja throws a curare-tipped dart.
The curare-tipped dart hits you.
You are more poisoned.
You have difficulty breathing.
You feel as though you will be slow longer.
You closely miss Sonja.
Sonja is heavily wounded.
You feel very sick.
Sonja hits you with a +1 dagger of distortion.
* * * LOW HITPOINT WARNING * * *
Space warps around you.
* * * LOW HITPOINT WARNING * * *
Sonja hits you but does no damage. Space warps horribly around you!
* * * LOW HITPOINT WARNING * * *
Sonja barely misses you. Sonja hits you but does no damage.
Space warps horribly around you!
* * * LOW HITPOINT WARNING * * *
Sonja hits you but does no damage. Space warps horribly around you!
You die...
Your body crumbles into a pile of gold.

,,,,,,,,,,,,,,,,,,,,,,,,,*
************************,*
~~+,,,,,,,,,+,,,,,,,,,,,,*
**************************
,,,,,,,,,,,,,,,,,,,,,,,,,*
************************,*
,,,,,,,,,,,,,,,+,,,,,,,,,*
*▓▓▓▓▓▓▓▓▓▓▓▓▓▓▓▓▓▓▓▓▓▓▓▓▓
,...............@K.......▓
▓▓▓▓▓▓▓▓▓▓▓▓▓▓▓▓▓▓▓▓▓▓▓▓.▓
...∩.∩.∩.∩.∩.∩.'.∩.∩.∩...▓
▓▓▓▓▓▓▓▓▓▓▓▓▓▓▓▓▓▓▓▓▓▓▓▓▓▓
.........................▓
▓▓▓▓▓▓▓▓▓▓▓▓▓▓▓▓▓▓▓▓▓▓▓▓.▓
........)!.'..[[....'....▓
▓▓▓▓▓▓▓▓▓▓▓▓▓▓▓▓▓▓▓▓▓▓▓▓▓▓
.........................▓


You could see Sonja (empowered).

Vanquished Creatures
  2 centaur warriors (D)
  2 hydras (D)
  5 ogre magi (D)
  A catoblepas (D)
  7 two-headed ogres (D)
  4 death yaks (D)
  An orc knight (D)
  An ugly thing (D)
  An orc sorcerer (D)
  Maurice (D)
  An elephant (D)
  3 black mambas (D)
  2 cane toads (D)
  A troll (D)
  A polar bear (D)
  A slime creature (D)
  Eustachio (D)
  6 yaks (D)
  2 basilisks (D)
  2 vampire mosquitoes (D)
  A steam dragon (D)
  2 water moccasins (D)
  13 orc warriors (D)
  A black bear (D)
  3 ogres (D)
  A kobold brigand (D)
  3 bullfrogs (D)
  A scorpion (D)
  5 orc priests (D)
  An orc wizard (D)
  A shadow imp (D)
  6 orcs (D)
  2 endoplasms (D)
  A goblin (D)
  2 quokkas (D)
88 creatures vanquished.

Notes
Turn   | Place    | Note
-------+----------+-------------------------------------------
     0 | D        | Heoruswealwe the Minotaur Fighter began the quest for the
                  | Orb.
     0 | D        | Reached XP level 1. HP: 19/19 MP: 0/0
     8 | D        | Reached skill level 3 in Polearms
    20 | D        | Reached skill level 4 in Polearms
    86 | D        | Noticed a scorpion
    86 | D        | Noticed a black bear
    93 | D        | Killed a scorpion
    94 | D        | Reached skill level 5 in Fighting
    94 | D        | Reached skill level 6 in Polearms
    94 | D        | Reached skill level 5 in Armour
    94 | D        | Reached XP level 2. HP: 28/30 MP: 1/1
    94 | D        | Reached XP level 3. HP: 35/37 MP: 2/2
   100 | D        | Killed a black bear
   101 | D        | Reached skill level 9 in Polearms
   101 | D        | Reached XP level 4. HP: 35/47 MP: 3/3
   101 | D        | Reached XP level 5. HP: 39/52 MP: 4/4
   111 | D        | Found a snail-covered altar of Cheibriados.
   111 | D        | Found a shadowy altar of Dithmenos.
   111 | D        | Found a white marble altar of Elyvilon.
   111 | D        | Found a blossoming altar of Fedhas.
   111 | D        | Found an opulent altar of Gozag.
   112 | D        | Found a hazy altar of Hepliaklqana.
   113 | D        | Found a viscous altar of Jiyva.
   114 | D        | Found an ancient bone altar of Kikubaaqudgha.
   115 | D        | Found a corrupted altar of Lugonu.
   116 | D        | Found a burning altar of Makhleb.
   117 | D        | Found a sparkling altar of Nemelex Xobeh.
   118 | D        | Found an iron altar of Okawaru.
   119 | D        | Became a worshipper of Gozag Ym Sagoz the Greedy
   120 | D        | Found a stormy altar of Qazlal.
   121 | D        | Found a sacrificial altar of Ru.
   122 | D        | Found a shimmering blue altar of Sif Muna.
   123 | D        | Found a bloodstained altar of Trog.
   124 | D        | Found a hide-covered altar of Uskayaw.
   125 | D        | Found a radiant altar of Vehumet.
   126 | D        | Found an ornate altar of the Wu Jian Council.
   127 | D        | Found a shimmering altar of Xom.
   128 | D        | Found a basalt altar of Yredelemnul.
   129 | D        | Found a glowing silver altar of Zin.
   130 | D        | Found a glowing golden altar of the Shining One.
   185 | D        | Noticed a yak
   185 | D        | Noticed a two-headed ogre
   185 | D        | Noticed a two-headed ogre
   185 | D        | Noticed a yak
   185 | D        | Noticed a troll
   188 | D        | Killed a yak
   189 | D        | Reached skill level 11 in Polearms
   189 | D        | Reached XP level 6. HP: 62/62 MP: 5/5
   192 | D        | Killed a two-headed ogre
   193 | D        | Reached skill level 10 in Fighting
   193 | D        | Reached skill level 14 in Polearms
   193 | D        | Reached skill level 10 in Armour
   193 | D        | Reached XP level 7. HP: 54/73 MP: 6/6
   196 | D        | Killed a two-headed ogre
   197 | D        | Reached skill level 15 in Polearms
   197 | D        | Reached XP level 8. HP: 52/83 MP: 7/7
   202 | D        | Reached skill level 16 in Polearms
   210 | D        | Killed a troll
   338 | D        | Noticed a slime creature
   338 | D        | Noticed a white ugly thing
   338 | D        | Noticed a centaur warrior
   338 | D        | Noticed a centaur warrior
   343 | D        | Killed a slime creature
   344 | D        | Reached skill level 17 in Polearms
   344 | D        | Reached XP level 9. HP: 86/92 MP: 8/8
   350 | D        | Killed a white ugly thing
   353 | D        | Killed a centaur warrior
   354 | D        | Reached skill level 18 in Polearms
   360 | D        | Killed a centaur warrior
   361 | D        | Reached skill level 19 in Polearms
   377 | D        | Reached XP level 10. HP: 34/104 MP: 9/9
   667 | D        | Noticed a black mamba
   667 | D        | Noticed a black mamba
   677 | D        | Killed a black mamba
   688 | D        | Reached skill level 20 in Polearms
   692 | D        | Killed a black mamba
   693 | D        | Reached skill level 15 in Fighting
   693 | D        | Reached skill level 15 in Armour
   705 | D        | Noticed an elephant
   713 | D        | Killed an elephant
   820 | D        | Noticed a six-headed hydra
   820 | D        | Noticed a black mamba
   821 | D        | Noticed a cane toad
   828 | D        | Noticed a four-headed hydra
   834 | D        | Noticed a cane toad
   839 | D        | Killed a ten-headed hydra
   840 | D        | Reached skill level 21 in Polearms
   848 | D        | Killed a 12-headed hydra
   850 | D        | Killed a black mamba
   852 | D        | Killed a cane toad
   853 | D        | Reached XP level 11. HP: 49/115 MP: 10/10
   857 | D        | Reached skill level 22 in Polearms
  1076 | D        | Noticed a catoblepas
  1076 | D        | Noticed a death yak
  1076 | D        | Noticed a death yak
  1076 | D        | Noticed a death yak
  1077 | D        | Noticed a death yak
  1082 | D        | Killed a catoblepas
  1093 | D        | Killed a death yak
  1099 | D        | Killed a death yak
  1104 | D        | Killed a death yak
  1105 | D        | Reached skill level 23 in Polearms
  1111 | D        | Killed a death yak
  1374 | D        | Noticed Eustachio
  1409 | D        | Killed Eustachio
  1424 | D        | Noticed Maurice
  1431 | D        | Killed Maurice
  1488 | D        | Noticed an orc sorcerer
  1495 | D        | Noticed a sixfirhy
  1508 | D        | Paralysed by an orc sorcerer for 4 turns
  1515 | D        | Killed an orc sorcerer
  1526 | D        | Noticed an orc knight
  1540 | D        | Killed an orc knight
  1541 | D        | Reached skill level 24 in Polearms
  1970 | D        | Found Okaotteco's Armour Emporium.
  1970 | D        | Noticed a two-headed ogre
  1970 | D        | Noticed a two-headed ogre
  1970 | D        | Noticed an ogre mage
  1970 | D        | Noticed an ogre mage
  1970 | D        | Noticed a two-headed ogre
  1974 | D        | Killed a two-headed ogre
  1977 | D        | Killed a two-headed ogre
  1984 | D        | Noticed an ogre mage
  1986 | D        | Killed an ogre mage
  1987 | D        | Reached skill level 25 in Polearms
  1987 | D        | Reached XP level 12. HP: 114/128 MP: 11/11
  1992 | D        | Killed an ogre mage
  1998 | D        | Killed a two-headed ogre
  2003 | D        | Killed an ogre mage
  2027 | D        | Found Opalafocw's Magic Scroll Shoppe.
  2031 | D        | Found Wecey's Magic Scroll Emporium.
  2035 | D        | Found Niotiger's Assorted Antiques.
  2038 | D        | Noticed an ogre mage
  2039 | D        | Noticed a two-headed ogre
  2040 | D        | Noticed an ogre mage
  2040 | D        | Noticed a two-headed ogre
  2048 | D        | Paralysed by something for 4 turns
  2056 | D        | Paralysed by something for 5 turns
  2066 | D        | Killed an ogre mage
  2072 | D        | Killed a two-headed ogre
  2075 | D        | Paralysed by something for 3 turns
  2079 | D        | Killed an ogre mage
  2080 | D        | Reached skill level 26 in Polearms
  2080 | D        | Killed a two-headed ogre
  2146 | D        | Bought a scroll labelled FEREONALOMA for 24 gold pieces
  2146 | D        | Bought a cabochon ring for 120 gold pieces
  2146 | D        | Bought a potion of curing for 72 gold pieces
  2146 | D        | Bought a scroll of enchant weapon for 180 gold pieces
  2148 | D        | Bought a scroll of identify for 28 gold pieces
  2148 | D        | Bought a scroll of identify for 28 gold pieces
  2148 | D        | Bought a scroll of identify for 28 gold pieces
  2148 | D        | Bought a scroll of identify for 28 gold pieces
  2149 | D        | Bought a scroll of magic mapping for 105 gold pieces
  2149 | D        | Bought a scroll of fear for 56 gold pieces
  2149 | D        | Bought a scroll of blinking for 105 gold pieces
  2149 | D        | Bought a scroll of vulnerability for 56 gold pieces
  2149 | D        | Bought a scroll of silence for 133 gold pieces
  2151 | D        | Bought a scroll of identify for 22 gold pieces
  2151 | D        | Bought a scroll of identify for 22 gold pieces
  2151 | D        | Bought a scroll of identify for 22 gold pieces
  2151 | D        | Bought a scroll of identify for 22 gold pieces
  2151 | D        | Bought a scroll of butterflies for 44 gold pieces
  2151 | D        | Bought a scroll of fog for 44 gold pieces
  2185 | D        | Bought a scroll of enchant armour for 105 gold pieces
  2185 | D        | Bought a scroll of silence for 133 gold pieces
  2185 | D        | Bought a scroll of immolation for 56 gold pieces
  2185 | D        | Bought a scroll of identify for 28 gold pieces
  2185 | D        | Bought a scroll of enchant weapon for 105 gold pieces
  2221 | D        | Bought a pair of heavily runed gloves for 304 gold pieces
  2221 | D        | Identified the +1 pair of gloves of Gozag, Chewing {Will++
                  | MP+9 Dex-4 SInv} (You bought it in a shop in the Dungeon)
  2221 | D        | Bought an embroidered cloak for 240 gold pieces
  2221 | D        | Bought a glowing kite shield for 240 gold pieces
  2228 | D        | Bought a grey potion for 28 gold pieces
  2228 | D        | Bought a tin of tremorstones (2/2) for 1280 gold pieces
  2228 | D        | Bought a scroll of enchant armour for 240 gold pieces
  2236 | D        | Bought a potion of might for 88 gold pieces
  2312 | D        | Noticed Sonja
  2327 | D        | HP: 5/130 [Sonja/+1 dagger of distortion (12)]
  2327 | D        | Mangled by Sonja

Illustrated notes

Levels and vault maps discovered:
D:        linesprint [early_d, line_temple, items_1, d_10, items_2, lair_1,
          lair_end, items_3, orc_1, orc_end, items_4, d_15, swamp_1, shoals_1,
          snake_1, spider_1, d_20, vaults_1, items_5, swamp_end, shoals_end,
          snake_end, spider_end, vaults_end, d_27, items_6, zot_1, zot_end,
          crypt_end, forest_end, elf_end, slime_end, tomb_end, abyss_end,
          pan_hell_end]

Skill      XL: |  1  2  3  4  5  6  7  8  9 10 11 12 |
---------------+-------------------------------------+-----
Polearms       | 6 9 11 14 15 17 19 21 25 26 | 26.2
Fighting       | 5 7 8 10 11 12 14 16 18 19 | 19.5
Armour         | 5 7 8 10 11 12 14 16 18 19 | 19.5
Shields        | |  3.6

Action                     |  1- 3 |  4- 6 |  7- 9 | 10-12 || total
---------------------------+-------+-------+-------+-------++-------
  Melee: Trident           |    29 |     2 |       |       ||    31
         Headbutt          |     6 |       |     6 |    58 ||    70
         Halberd           |       |     7 |    52 |   251 ||   310
 Invoke: Call Merchant     |       |       |       |     5 ||     5
    Use: Potion            |       |       |     1 |     4 ||     5
         Scroll            |       |       |       |     4 ||     4
   Stab: Distracted        |       |       |     1 |     1 ||     2
 Armour: Scale mail        |     8 |       |       |       ||     8
         Plate armour      |       |     2 |    19 |   120 ||   141
  Dodge: Dodged            |     9 |     2 |     8 |    50 ||    69
  Block: Buckler           |     6 |       |       |       ||     6
